 Seeded DCSS version 0.30-a0-358-g0d69a1922f (webtiles) character file.

Game seed: 2231567656055988436 (custom seed)

1989 retardedninja the Fighter (level 9, -1/121 HPs)
             Began as a Minotaur Fighter on Nov 9, 2022.
             Was an Initiate of Gozag.
             Slain by an orc warrior
             ... wielding a +0 glaive
              (5 damage)
             ... on level 7 of the Dungeon.
             The game lasted 00:08:33 (7898 turns).

retardedninja the Fighter (Minotaur Fighter)        Turns: 7898, Time: 00:08:33

Health: -1/121     AC: 24    Str: 24    XL:     9   Next: 1%
Magic:  8/8        EV:  2    Int:  5    God:    Gozag
Gold:   470        SH:  5    Dex: 11    Spells: 8/8 levels left

rFire   . . .      SeeInvis .    a - +0 war axe
rCold   . . .      Faith    .    c - +0 buckler
rNeg    . . .      Spirit   .    (body armour currently unavailable)
rPois   +          Reflect  .    (helmet currently unavailable)
rElec   .          Harm     .    (cloak currently unavailable)
rCorr   .          Rampage  .    (gloves currently unavailable)
Will    .....      NoTele   +    (boots currently unavailable)
Stlth   +.........               (no amulet)
HPRegen 0.40/turn                (no ring)
MPRegen 0.11/turn                (no ring)

@: tree-form, weak-willed, gold aura, attractive
A: stationary, stasis, torment immunity, boosted hp, (horns 2), (retaliatory
headbutt)
a: Renounce Religion, Potion Petition, Call Merchant, Bribe Branch


You were on level 7 of the Dungeon.
You worshipped Gozag.
Gozag was aware of your devotion.
You were a tree.
You visited 1 branch of the dungeon, and saw 7 of its levels.

You collected 575 gold pieces.
You paid 105 gold pieces to Gozag.

Inventory:

Hand Weapons
 a - a +0 war axe (weapon)
Armour
 c - a +0 buckler (worn)
 s - a +0 plate armour (melded)
 D - a +0 cloak of preservation (melded)
Jewellery
 j - a ring of positive energy
 q - a ring of willpower
 z - an amulet of the acrobat
 C - a +6 ring of dexterity
 E - a ring of resist corrosion
Wands
 x - a wand of flame (18)
 B - a wand of mindburst (3)
Scrolls
 d - a scroll of blinking {unknown}
 f - 3 scrolls of enchant armour {unknown}
 h - 2 scrolls of summoning {unknown}
 k - 2 scrolls of noise {unknown}
 l - 3 scrolls of vulnerability
 m - 2 scrolls of magic mapping {unknown}
 o - a scroll of brand weapon {unknown}
 r - a scroll of torment {unknown}
 t - 3 scrolls of poison {unknown}
 u - 3 scrolls of immolation {unknown}
 w - 2 scrolls of teleportation {unknown}
 y - a scroll of butterflies {unknown}
 A - 8 scrolls of identify
Potions
 b - a potion of magic
 i - 2 potions of flight
 n - a potion of brilliance
 p - 3 potions of mutation
 v - a potion of lignification


   Skills:
 + Level 8.0 Fighting
 + Level 7.4 Axes
 + Level 7.9 Armour
 + Level 7.9 Shields


You had 8 spell levels left.
You didn't know any spells.
Your spell library contained the following spells:

 Spells                   Type           Power      Damage    Failure   Level
 Apportation              Tloc           0%         N/A       54%         1
 Beastly Appendage        Tmut           0%         N/A       54%         1
 Necrotise                Necr           0%         1d4       54%         1
 Summon Small Mammal      Summ           0%         N/A       54%         1
 Wereblood                Tmut           0%         N/A       69%         2
 Spider Form              Tmut/Pois      0%         N/A       89%         3


Dungeon Overview and Level Annotations

Branches:
Dungeon (7/15)             Temple (0/1) D:5

Altars:
Ashenzari
Cheibriados
Gozag
Uskayaw
Xom
Yredelemnul

Shops:
D:4 (


Innate Abilities, Weirdness & Mutations

You are a tree.
Your roots penetrate the ground, keeping you stationary.
You cannot be teleported.
You are immune to unholy pain and torment.
Your maximum health is greatly increased.
Your equipment is partially melded.
((You have a pair of horns on your head.))
((You reflexively headbutt those who attack you in melee.))


Message History

You barely miss the orc warrior.
The orc warrior is moderately wounded.
The orc warrior hits you with a +0 glaive!
* * * LOW HITPOINT WARNING * * *
You hit the orc warrior but do no damage.
The orc warrior is moderately wounded.
The orc warrior hits you with a +0 glaive!
* * * LOW HITPOINT WARNING * * *
You hit the orc warrior. You headbutt the orc warrior.
The orc warrior is heavily wounded.
The orc warrior barely misses you.
Unknown command.
Really quaff the potion of lignification?
You turn into a tree.
Your +0 cloak of preservation melds into your body.
Your +0 plate armour melds into your body.
Your roots penetrate the ground.
The black bear is distracted by your dazzling golden aura.
The orc warrior hits you but does no damage.
Unknown command.
It was a potion of attraction.
You feel attractive to monsters.
The orc warrior hits you but does no damage.
Okay, then.
As you read the scroll labelled PUUTTU BETAEFU, it crumbles to dust.
The black bear is no longer distracted by gold.
The black bear growls angrily.
Magic quickly surges around you.
It was a scroll of vulnerability.
The orc warrior hits you with a +0 glaive!
* * * LOW HITPOINT WARNING * * *
You hit the orc warrior but do no damage.
The orc warrior is heavily wounded.
The black bear is distracted by your dazzling golden aura.
You block the orc warrior's attack.
The black bear growls angrily.
You slash the orc warrior!
The orc warrior is almost dead.
The orc warrior hits you with a +0 glaive.
You die...
Your body crumbles into a pile of gold.

......##.# #.#
..♣...##.#######.##
.♣.♣..#.........#.##
♣.♣)♣.'.######.###.########
.♣.♣..#.......## ##........
..♣...##)#####.###.########
......##.# #.#.##
########.# #.## #.# #♣# #.#
#o# #.# #h# #.# #o. ###


You could see an orc warrior (weak-willed), a black bear (weak-willed) and an
orc (weak-willed).

Vanquished Creatures
  Prince Ribbit (D:7)
  2 water moccasins (D:7)
  An ice beast (D:6)
  2 sky beasts (D:7)
  2 black bears
  2 ogres
  3 bullfrogs
  2 scorpions
  2 jellies
  4 hounds
  An iron imp (D:6)
  An iguana (D:4)
  7 orc wizards
  6 gnolls (D:5)
  6 adders
  An ufetubus (D:5)
  3 worms
  5 dart slugs
  16 orcs
  10 endoplasms
  2 giant cockroaches (D:1)
  6 goblins
  12 hobgoblins
  6 quokkas
  3 ball pythons
  4 bats
  13 frilled lizards
  9 kobolds
  2 rats (D:1)
134 creatures vanquished.

Vanquished Creatures (others)
  3 fungi (D:1)
  11 plants
14 creatures vanquished.

Grand Total: 148 creatures vanquished

Notes
Turn   | Place    | Note
-------+----------+-------------------------------------------
     0 | D:1      | retardedninja the Minotaur Fighter began the quest for the
                  | Orb.
     0 | D:1      | Reached XP level 1. HP: 19/19 MP: 0/0
   120 | D:1      | Reached XP level 2. HP: 27/27 MP: 1/1
   209 | D:1      | Found a faded altar of an unknown god.
   302 | D:1      | Reached skill level 4 in Fighting
   464 | D:1      | Reached XP level 3. HP: 33/33 MP: 2/2
   882 | D:2      | Reached XP level 4. HP: 41/41 MP: 3/3
  1488 | D:3      | Found a broken altar of Ashenzari.
  2290 | D:4      | Found Fynamiuh's Weapon Shop.
  2563 | D:4      | Reached XP level 5. HP: 44/47 MP: 4/4
  3035 | D:4      | You fall into a shaft and drop 2 floors!
  3049 | D:6      | Reached skill level 5 in Fighting
  3049 | D:6      | Reached skill level 5 in Armour
  3049 | D:6      | Reached skill level 5 in Shields
  3052 | D:6      | Reached XP level 6. HP: 52/56 MP: 5/5
  3163 | D:5      | Entered Level 5 of the Dungeon
  5040 | D:5      | Reached skill level 5 in Axes
  5040 | D:5      | Reached XP level 7. HP: 61/62 MP: 6/6
  5150 | D:5      | Found a basalt altar of Yredelemnul.
  5474 | D:5      | Noticed a +0 dagger
  5475 | D:5      | Noticed a +0 dagger
  5475 | D:5      | Noticed a +0 short sword
  5478 | D:5      | Noticed a +0 falchion
  5498 | D:5      | Reached skill level 6 in Fighting
  5578 | D:5      | Found a staircase to the Ecumenical Temple.
  5607 | D:5      | Found a hide-covered altar of Uskayaw.
  5608 | D:5      | Noticed a +0 spear
  5608 | D:5      | Noticed a +0 short sword
  5609 | D:5      | Noticed a +0 spear
  5610 | D:5      | Noticed a +0 falchion
  5823 | D:6      | Found an opulent altar of Gozag.
  5912 | D:6      | Became a worshipper of Gozag Ym Sagoz the Greedy
  6228 | D:6      | Found a snail-covered altar of Cheibriados.
  6334 | D:7      | Noticed Prince Ribbit
  6350 | D:7      | Reached XP level 8. HP: 54/71 MP: 7/7
  6572 | D:7      | Killed Prince Ribbit
  6573 | D:7      | Reached skill level 7 in Fighting
  7072 | D:7      | Found a shimmering altar of Xom.
  7773 | D:7      | Reached XP level 9. HP: 76/81 MP: 8/8
  7887 | D:7      | Reached skill level 8 in Fighting
  7896 | D:7      | HP: 3/121 [orc warrior/+0 glaive (7)]
  7898 | D:7      | Slain by an orc warrior

Illustrated notes

Levels and vault maps discovered:
D:1:      amcnicky_arrival_choice, layout_basic,
          shapermc_ecumenical_altar_ellora, minmay_misc_feat_ornament
D:2:      layout_basic, minmay_lizard_king
D:3:      layout_loops_ring, mainiacjoe_overflow_cross_hatched
D:4:      layout_basic, serial_shops, nicolae_shop_trees, serial_bayou_pond_a
D:5:      layout_loops_ring, nicolae_uskayaw_en_pointe,
          yredelemnul_altar_generic, minmay_temple_entry_fiery
D:6:      layout_rooms, chei_slow_surprise,
          nicolae_gozag_cash_rules_everything_around_me
D:7:      layout_loops_ring, tgw_xom, kennysheep_generic_room_10,
          uniq_prince_ribbit1

Skill      XL: |  1  2  3  4  5  6  7  8  9 |
---------------+----------------------------+-----
Fighting       | 4 5 6 7 8 |  8.0
Armour         | 4 5 6 7 |  7.9
Shields        | 4 5 6 7 |  7.9
Axes           | 3 4 5 6 7 |  7.4

Action                   |  1- 3 |  4- 6 |  7- 9 || total
-------------------------+-------+-------+-------++-------
Melee: War axe           |    72 |   158 |   164 ||   394
       Headbutt          |     6 |    18 |    29 ||    53
  Use: Scroll            |       |     6 |     2 ||     8
       Potion            |       |     7 |     6 ||    13
Armor: Scale mail        |    31 |    24 |       ||    55
       Plate armour      |       |    91 |   104 ||   195
       Skin              |       |       |     2 ||     2
Dodge: Dodged            |    31 |    54 |    54 ||   139
Block: Buckler           |    15 |    38 |    33 ||    86

Table legend: (Time is in decaauts)
 A = Elapsed time spent in this place.
 B = Non-inter-level travel time spent in this place.
 C = Inter-level travel time spent in this place.
 D = Time resting spent in this place.
 E = Time spent auto-exploring this place.
 F = Levels seen in this place.
 G = Mean time per level.
                   A        B        C        D        E       F      G
               +--------+--------+--------+--------+--------+-----+--------+
         Total |   8024 |   7661 |    363 |   2502 |   4048 |   7 | 1146.3 |
       Dungeon |   8024 |   7661 |    363 |   2502 |   4048 |   7 | 1146.3 |
               +--------+--------+--------+--------+--------+-----+--------+

Top non-repeatable levels by time:
     D:4: 2510 daAuts
     D:7: 1460 daAuts
     D:3: 870 daAuts
     D:5: 861 daAuts
     D:2: 822 daAuts
     D:6: 800 daAuts
     D:1: 697 daAuts
